 Dungeon Crawl Stone Soup version 0.19-a0-1714-gcab94ab (webtiles) character file.

325536 Lochraine the Phalangite (level 20, -4/247 HPs)
             Began as a Minotaur Monk on Sept 26, 2016.
             Was a High Priest of Qazlal.
             Slain by a tentacled monstrosity (15 damage)
             ... on level 4 of the Depths on Sept 28, 2016.
             The game lasted 04:43:40 (41326 turns).

Lochraine the Phalangite (Minotaur Monk)           Turns: 41326, Time: 04:43:41

Health: -4/247     AC:  4    Str: 25    XL:     20   Next: 74%
Magic:  26/32      EV: 31    Int:  7    God:    Qazlal [*****.]
Gold:   261        SH:  6    Dex: 18    Spells: 0 memorised, 19 levels left

rFire  . . .     SeeInvis .     (weapon currently unavailable)
rCold  . . .     Gourm    .     (armour currently unavailable)
rNeg   . . .     Faith    .     (shield currently unavailable)
rPois  .         Spirit   .     (helmet currently unavailable)
rElec  .         Dismiss  .     (cloak currently unavailable)
rCorr  .         Reflect  .     (gloves currently unavailable)
MR     +....     Harm     .     (boots currently unavailable)
Stlth  ..........               (amulet currently unavailable)
                                (ring currently unavailable)
                                (ring currently unavailable)

@: berserking, porcupine-form, protected from physical damage, very slightly
contaminated, hasted (expiring), repel missiles, invisible, very quick
A: (retaliatory headbutt), (horns 0), (icy blue scales 0), frail 1
a: Upheaval, Elemental Force, Disaster Area, Renounce Religion
}: 2/15 runes: decaying, gossamer


You were on level 4 of the Depths.
You worshipped Qazlal.
Qazlal was extremely pleased with you.
You were very hungry.
You were a spiny porcupine.
You visited 8 branches of the dungeon, and saw 37 of its levels.

You collected 3560 gold pieces.
You spent 3299 gold pieces at shops.

Inventory:

Hand Weapons
 a - the +9 glaive of Currency (melded) {flame, Dex+3}
   (You acquired it on level 5 of the Lair of Beasts)

   It has been specially enchanted to burn those struck by it, causing extra
   injury to most foes and up to half again as much damage against particularly
   susceptible opponents.
   Big, fiery blades are also staple armaments of hydra-hunters.
   It affects your dexterity (+3).
 b - a +2 arbalest of freezing
 u - a +3 bardiche
Missiles
 V - 496 bolts
Armour
 h - a +2 cloak (melded)
 p - the +1 chain mail of Desi {rPois rN+ MR+ rCorr SInv}
   (You bought it in a shop on level 10 of the Dungeon)

   It protects you from poison.
   It protects you from negative energy.
   It affects your resistance to hostile enchantments.
   It lets you see invisible.
   It protects you from acid and corrosion.
 v - a +2 pair of gloves of strength (melded)
 C - a +2 hat of intelligence (melded)
 D - a +8 plate armour of cold resistance (melded)
Rods
 B - a +1 iron rod (16/16)
   (You found it on level 2 of the Spider Nest)
Jewellery
 d - a +6 ring of protection (melded)
 I - a +6 ring of protection (melded)
 S - an uncursed ring of flight
 Z - an amulet of faith (melded)
Wands
 g - a wand of hasting (1/9)
 j - a wand of acid (4/15)
 n - a wand of digging (10/24)
 r - a wand of lightning (2/15)
 t - a wand of lightning (1/15)
 y - a wand of iceblast (8/15)
 G - a wand of lightning (12/15)
 L - a wand of lightning (8/15)
 Q - a wand of paralysis (7/24)
 R - a wand of disintegration (10/24)
 T - a wand of flame (26/48)
 Y - a wand of polymorph (9/24)
Scrolls
 m - a scroll of blinking
 o - 9 scrolls of remove curse
 s - 13 scrolls of identify
 F - 4 scrolls of enchant weapon
 H - 5 scrolls of magic mapping
 P - 7 scrolls of teleportation
 U - a scroll of fear
Potions
 e - 3 potions of magic
 f - 3 potions of might
 i - 3 potions of haste
 k - 5 potions of brilliance
 l - a potion of resistance
 w - 2 potions of berserk rage
 z - 4 potions of ambrosia
 J - 3 potions of agility
 M - a potion of cancellation
 N - 2 potions of curing
 W - 6 potions of flight
Miscellaneous
 E - a phantom mirror
 O - a phial of floods (inert)
Comestibles
 c - 26 bread rations
 x - 20 meat rations
 A - 25 fruits
 X - 22 chunks of flesh


   Skills:
 + Level 17.2 Fighting
 - Level 21.0 Polearms
 - Level 7.4 Crossbows
 - Level 19.3 Armour
 - Level 11.0 Dodging
 - Level 1.5 Stealth
   Level 4.1 Shields
 - Level 18.1 Invocations
 - Level 10.8 Evocations


You had 19 spell levels left.
You didn't know any spells.

Dungeon Overview and Level Annotations

Branches:
Dungeon (15/15)            Temple (1/1) D:7            Lair (6/6) D:8
  Swamp (4/4) Lair:2       Spider (4/4) Lair:2        Slime (0/5) Lair:6
    Orc (2/2) D:11            Elf (0/3) Orc:2        Vaults (1/5) D:13
 Depths (4/5) D:15

Altars:
Ashenzari
Cheibriados
Dithmenos
Elyvilon
Fedhas
Gozag
Hepliaklqana
Kikubaaqudgha
Makhleb
Nemelex Xobeh
Okawaru
Qazlal
Ru
Sif Muna
Trog
Uskayaw
Vehumet
Xom
Yredelemnul
Zin
The Shining One
Beogh

Shops:
D:5 }}*:!   D:10 **[   D:13 (   Orc:2 :(*[   Depths:1 [!:((   Depths:2 *(
Depths:4 =}=(

Portals:
Hell: Depths:1 Depths:2 Depths:3 Depths:4
Abyss: Depths:4
Pandemonium: Depths:1 Depths:3
Ziggurat: Depths:4

Annotations:
Abyss:1 Nergalle


Innate Abilities, Weirdness & Mutations

((You reflexively headbutt those who attack you in melee.))
((You have a pair of horns on your head.))
((You are partially covered in icy blue scales. (AC +2)))
You are frail. (-10% HP)


Message History

You barely miss the tentacled monstrosity.
The tentacled monstrosity is heavily wounded.
You hear a deafening roar!
The tentacled monstrosity is struck by your spines.
The tentacled monstrosity tentacle-slaps you.
* * * LOW HITPOINT WARNING * * *
The tentacled monstrosity tentacle-slaps you!
* * * LOW HITPOINT WARNING * * *
The tentacled monstrosity completely misses you.
You hear a shout!
You are too berserk!
You are too berserk!
You are too berserk!
You are too berserk!
Unknown command.
You hit the tentacled monstrosity.
The tentacled monstrosity is severely wounded.
Your extra speed is starting to run out.
The tentacled monstrosity tentacle-slaps you!
You die...

#.# #.# #.#
#.# #.# #.#
#.# ######
#.# #.r..#
#.# #§X.§#
#.# #..§§..#
#.# #...)#.#
#.# ######
######.#####
.......≈...).
#############


You could see a tentacled monstrosity.

Vanquished Creatures
  Mara (Swamp:3)
  Saint Roka (Depths:3)
  The ghost of Protee the Metallomancer, a veteran GrEE of Vehumet (Depths:2)
  Bai Suzhen (Spider:4)
  A golden dragon (Depths:2)
  Arachne (Spider:1)
  Rupert (Lair:4)
  A tentacled monstrosity (Depths:4)
  A quicksilver dragon (Depths:4)
  Asterion (Depths:2)
  A titan (Depths:3)
  Gastronok (Orc:1)
  3 thorn hunters (Swamp:4)
  A tengu reaver (Depths:3)
  2 frost giants (Depths:2)
  3 fire giants
  A vault warden (Vaults:1)
  3 ghost moths
  An orc warlord (Orc:2)
  Aizul (Spider:3)
  2 spriggan defenders (Depths:2)
  10 emperor scorpions
  7 stone giants
  2 ironheart preservers (Vaults:1)
  A reaper (Depths:3)
  10 very ugly things
  10 entropy weavers
  2 vampire knights
  7 spark wasps
  Snorg (Lair:5)
  4 ettins
  Josephine (Lair:5)
  A deep elf death mage (Depths:4)
  2 jiangshi (Depths:3)
  6 fire dragons
  3 great orbs of eyes
  4 yaktaur captains
  A rakshasa (Depths:3)
  Fannar (Lair:1)
  11 ogre magi
  Erolcha (D:10)
  Harold (D:10)
  2 vault guards (Vaults:1)
  22 hydras
  2 ice dragons
  A hell beast (Depths:1)
  A merfolk avatar (Swamp:1)
  A death knight (Vaults:1)
  Erica (D:10)
  2 catoblepae
  A ghost crab (Swamp:2)
  5 centaur warriors
  14 alligators
  3 deep troll earth magi
  4 deep troll shamans
  3 tengu warriors
  9 death yaks (Lair:6)
  2 vampire magi (Depths:3)
  8 spriggan berserkers
  Urug (D:11)
  2 orc high priests
  A shock serpent (shapeshifter) (Depths:3)
  21 spriggans
  A sun demon (Depths:3)
  A deep elf knight (Vaults:1)
  7 iron trolls
  6 skeletal warriors (Vaults:1)
  A flayed ghost (Depths:3)
  2 glowing orange brains
  4 unseen horrors
  10 swamp dragons
  10 hill giants
  2 spriggan druids
  2 ironbrand convokers (Vaults:1)
  13 deep trolls
  4 shambling mangroves
  An infernal demonspawn (Depths:3)
  3 wizards
  5 orc knights
  28 ugly things
  34 wolf spiders
  22 orb spiders
  5 orc sorcerers
  2 necromancers
  4 deep elf magi
  12 hornets
  7 cyclopes
  A moth of wrath (Spider:1)
  Joseph (Lair:1)
  3 naga magi (D:15)
  2 vault sentinels (Vaults:1)
  8 elephants
  A black mamba (shapeshifter) (D:15)
  A spriggan zombie (Depths:2)
  8 spiny frogs
  4 centaur skeletons
  2 torpor snails
  5 rime drakes
  A gargoyle (D:10)
  15 demonic crawlers
  25 yaktaurs
  3 komodo dragons
  An ice devil (Depths:3)
  2 freezing wraiths (Vaults:1)
  A golden dragon simulacrum (Depths:3)
  2 tengu conjurers
  A meliai (shapeshifter) (Depths:3)
  10 trolls
  A polar bear (Lair:6)
  37 jumping spiders
  10 blink frogs
  2 tyrant leeches (Swamp:4)
  21 two-headed ogres
  5 bog bodies
  21 slime creatures
  A frost giant simulacrum (Depths:3)
  9 hippogriffs
  6 dream sheep (Lair:6)
  A fire giant simulacrum (Depths:3)
  A meliai zombie (D:15)
  Sigmund (D:6)
  A shadow (D:14)
  6 wraiths
  6 water elementals (Depths:1)
  93 redbacks
  3 hogs (D:7)
  32 tarantellas
  5 wyverns
  A human (shapeshifter) (Vaults:1)
  A human (D:7)
  73 yaks
  A steam dragon (Lair:6)
  7 vampire mosquitoes
  A hungry ghost (D:12)
  A chaos spawn (Depths:3)
  2 basilisks
  2 mottled dragons
  5 wargs
  10 insubstantial wisps
  21 swamp worms
  A hell hound (Depths:2)
  2 floating eyes (shapeshifter)
  15 water moccasins
  13 porcupines
  30 orc warriors
  19 swamp drakes
  14 ice beasts
  A phantom (D:12)
  5 sky beasts
  15 wasps
  3 black bears
  9 wolves
  13 boggarts
  41 ogres
  17 centaurs
  14 crocodiles
  A big kobold (D:13)
  25 bullfrogs
  A glowing shapeshifter simulacrum (Depths:2)
  A deep troll simulacrum (Vaults:1)
  2 wyvern zombies (D:13)
  A water moccasin zombie (D:10)
  2 scorpions
  16 killer bees
  11 electric eels
  8 wights
  7 howler monkeys
  3 crimson imps
  3 centaur zombies
  2 bullfrog zombies
  2 quasits
  A jelly (D:14)
  15 orc wizards
  3 hounds
  22 orc priests
  Crazy Yiuf (D:4)
  5 iguanas
  18 worker ants
  3 hound skeletons
  2 howler monkey skeletons (D:6)
  A worker ant zombie (D:7)
  13 adders
  3 gnolls (D:6)
  46 river rats
  2 shadow imps
  3 adder skeletons
  5 worms
  A dart slug (D:3)
  5 leopard geckos
  66 orcs
  2 ball pythons
  6 bats
  5 bat zombies (D:9)
  7 giant cockroaches
  8 hobgoblins
  7 jackals
  8 quokkas
  2 frilled lizards (D:2)
  8 goblins
  A jackal skeleton (D:4)
  6 kobolds
  8 rats
  10 briar patches (Swamp:4)
  25 fungi
  6 plants
1512 creatures vanquished.

Vanquished Creatures (collateral kills)
  Roxanne (Spider:4)
  A hydra (Lair:4)
  A death yak (Lair:6)
  An orc high priest (Orc:2)
  A flayed ghost (Vaults:1)
  A wolf spider (Spider:4)
  2 ugly things (D:15)
  A vault sentinel (Vaults:1)
  A rime drake (Lair:4)
  A demonic crawler (Spider:2)
  A jumping spider (Spider:4)
  A two-headed ogre (D:15)
  A tyrant leech (Swamp:4)
  A redback (Spider:2)
  A spriggan (Depths:2)
  4 tarantellas
  2 vampire mosquitoes (Swamp:3)
  A swamp drake (Swamp:4)
  An ogre (D:15)
  A bullfrog (Lair:4)
25 creatures vanquished.

Vanquished Creatures (others)
  A fire giant (D:15)
  2 ghost moths (Spider:4)
  A shambling mangrove (Swamp:3)
  A wizard (D:13)
  A vault sentinel (Vaults:1)
  A torpor snail (Spider:3)
  A komodo dragon (Lair:2)
  A demonic crawler (Spider:4)
  A jumping spider (Spider:4)
  A two-headed ogre (D:8)
  A hippogriff (Lair:5)
  A tarantella (Spider:3)
  A yak (Lair:4)
  An ice beast (D:7)
  An ogre (Depths:1)
  2 wasps (Spider:4)
  A killer bee (D:7)
  A centaur skeleton (D:8)
  An orc (Depths:3)
  2 briar patches (Swamp:4)
  17 fungi
  11 plants
51 creatures vanquished.

Grand Total: 1588 creatures vanquished

Notes
Turn   | Place    | Note
-------+----------+-------------------------------------------
     0 | D:1      | Lochraine the Minotaur Monk began the quest for the Orb.
     0 | D:1      | Reached XP level 1. HP: 19/19 MP: 0/0
   189 | D:1      | Reached skill level 4 in Polearms
   287 | D:1      | Reached XP level 2. HP: 20/26 MP: 1/1
   947 | D:2      | Reached skill level 5 in Polearms
   947 | D:2      | Reached XP level 3. HP: 23/31 MP: 2/2
  1815 | D:2      | Reached XP level 4. HP: 39/39 MP: 3/3
  2032 | D:2      | Found a blossoming altar of Fedhas.
  2116 | D:2      | Reached skill level 6 in Polearms
  2495 | D:3      | Found a burning altar of Makhleb.
  2527 | D:3      | Reached skill level 7 in Polearms
  2527 | D:3      | Reached XP level 5. HP: 31/45 MP: 4/4
  2568 | D:3      | Found a glowing silver altar of Zin.
  2576 | D:3      | Reached skill level 1 in Armour
  3170 | D:4      | Noticed an ogre
  3180 | D:4      | Killed an ogre
  3180 | D:4      | Reached XP level 6. HP: 51/51 MP: 5/5
  3355 | D:4      | Found a runed door.
  3359 | D:4      | Noticed Crazy Yiuf
  3364 | D:4      | Killed Crazy Yiuf
  3387 | D:5      | Entered Level 5 of the Dungeon
  3395 | D:5      | Reached skill level 5 in Armour
  3519 | D:5      | Found Mate's Assorted Antiques.
  3526 | D:5      | Bought a scroll labeled ILLOMY QOUFUAF for 25 gold pieces
  3526 | D:5      | Bought a shiny buckler for 112 gold pieces
  3526 | D:5      | Bought a scroll labeled LAS XYNNILYAHA for 25 gold pieces
  3537 | D:5      | Found a shattered altar of Ashenzari.
  3580 | D:5      | Reached XP level 7. HP: 57/57 MP: 6/6
  3717 | D:5      | Reached skill level 1 in Shields
  3767 | D:5      | Found a shimmering altar of Xom.
  3767 | D:5      | Found a shimmering altar of Xom.
  3769 | D:5      | Found a shimmering altar of Xom.
  3769 | D:5      | Found a shimmering altar of Xom.
  3770 | D:5      | Found a shimmering altar of Xom.
  3774 | D:5      | Found a shimmering altar of Xom.
  3879 | D:5      | Found Pattu's Gadget Emporium.
  3954 | D:5      | Found Olufesch's Gadget Shoppe.
  4012 | D:5      | Found Monym's Distillery.
  4022 | D:5      | Upgraded the game from 0.19-a0-1697-g0595f0e to 0.19-a0-1704-gbd66c22
  4027 | D:5      | Bought a potion of curing for 36 gold pieces
  4027 | D:5      | Bought a potion of might for 48 gold pieces
  4062 | D:5      | Found Ulemestro's Book Shop.
  4425 | D:6      | Noticed Sigmund
  4720 | D:5      | HP: 1/57 [orc warrior/long sword (11)]
  4758 | D:5      | Reached skill level 5 in Dodging
  4825 | D:5      | Reached XP level 8. HP: 67/67 MP: 7/7
  4850 | D:6      | Reached skill level 5 in Fighting
  5294 | D:6      | Noticed a hill giant
  5306 | D:6      | Killed a hill giant
  5306 | D:6      | Reached skill level 9 in Polearms
  5306 | D:6      | Reached XP level 9. HP: 44/79 MP: 8/8
  5317 | D:6      | Killed Sigmund
  5737 | D:7      | Found a staircase to the Ecumenical Temple.
  5742 | Temple   | Entered the Ecumenical Temple
  5869 | Temple   | Became a worshipper of Qazlal Stormbringer
  5869 | Temple   | Reached * piety under Qazlal
  5869 | Temple   | Reached ** piety under Qazlal
  6018 | D:7      | Reached skill level 1 in Invocations
  6657 | D:7      | Reached skill level 5 in Invocations
  7249 | D:7      | Reached XP level 10. HP: 72/86 MP: 12/14
  7634 | D:8      | Reached *** piety under Qazlal
  7742 | D:8      | Found a staircase to the Lair.
  8043 | Lair:1   | Entered Level 1 of the Lair of Beasts
  8314 | Lair:1   | Noticed Joseph
  8416 | Lair:1   | Killed Joseph
  8596 | Lair:1   | Noticed Fannar
  8776 | Lair:1   | Killed Fannar
  8776 | Lair:1   | Reached skill level 10 in Invocations
  8933 | Lair:2   | Noticed an elephant
  8936 | Lair:2   | Noticed an elephant
  8938 | Lair:2   | Noticed an elephant
  8942 | Lair:2   | Killed an elephant
  8945 | Lair:2   | Killed an elephant
  8948 | Lair:2   | Killed an elephant
  8948 | Lair:2   | Reached XP level 11. HP: 60/92 MP: 18/18
  9030 | Lair:2   | Found a staircase to the Swamp.
  9216 | Lair:1   | Reached skill level 10 in Polearms
  9331 | Lair:2   | Found a hole to the Spider Nest.
  9331 | Lair:2   | Noticed an orb spider
  9359 | Lair:2   | Killed an orb spider
  9471 | Lair:2   | Noticed Nergalle
  9619 | Lair:2   | Reached skill level 11 in Polearms
  9824 | Lair:2   | Banished Nergalle
 10237 | Lair:3   | Reached skill level 12 in Polearms
 11170 | Lair:4   | Reached **** piety under Qazlal
 11182 | Lair:4   | Noticed a six-headed hydra
 11185 | Lair:4   | Killed a seven-headed hydra
 11339 | Lair:4   | Reached skill level 10 in Fighting
 11387 | Lair:4   | Identified 2 scrolls of acquirement
 11403 | Lair:4   | Reached XP level 12. HP: 106/106 MP: 19/19
 11600 | Lair:4   | Noticed a six-headed hydra
 11869 | Lair:4   | Killed a six-headed hydra
 12054 | Lair:5   | Noticed Rupert
 12253 | Lair:4   | Noticed a four-headed hydra
 12530 | Lair:5   | Noticed Snorg
 12542 | Lair:5   | Killed Snorg
 12622 | Lair:5   | Noticed Josephine
 12657 | Lair:5   | Killed Josephine
 12676 | Lair:5   | Noticed an eight-headed hydra
 12783 | Lair:4   | Killed a nine-headed hydra
 13273 | Lair:5   | Got a steaming glaive
 13274 | Lair:5   | Identified the +9 glaive of Currency {flame, Dex+3} (You acquired it on level 5 of the Lair of Beasts)
 13289 | Lair:6   | Entered Level 6 of the Lair of Beasts
 13296 | Lair:6   | Gained mutation: You are frail. (-10% HP) [mutagenic glow]
 13425 | Lair:6   | Noticed a death yak
 13430 | Lair:6   | Noticed a death yak
 13437 | Lair:6   | Noticed a death yak
 13437 | Lair:6   | Noticed a death yak
 13437 | Lair:6   | Noticed a death yak
 13441 | Lair:6   | Noticed a death yak
 13441 | Lair:6   | Noticed a death yak
 13441 | Lair:6   | Killed a death yak
 13444 | Lair:6   | Killed a death yak
 13481 | Lair:6   | Reached XP level 13. HP: 87/104 MP: 15/22
 13793 | Lair:6   | Reached skill level 15 in Invocations
 14021 | Lair:6   | Reached skill level 13 in Polearms
 14136 | Lair:6   | Reached skill level 14 in Polearms
 14224 | Lair:6   | Found a staircase to the Slime Pits.
 14406 | Lair:6   | Found a glowing silver altar of Zin.
 14580 | Lair:4   | Reached skill level 10 in Dodging
 14601 | Lair:4   | Killed Rupert
 14928 | D:9      | Found an iron altar of Okawaru.
 14937 | D:9      | Reached XP level 14. HP: 110/112 MP: 24/24
 14942 | D:9      | Reached ***** piety under Qazlal
 14997 | D:9      | Found a hazy altar of Hepliaklqana.
 15095 | D:9      | Identified the Collected Works on Blistering Self-Knowledge
 15505 | D:9      | Found an ancient bone altar of Kikubaaqudgha.
 15552 | D:10     | Entered Level 10 of the Dungeon
 15552 | D:10     | Noticed Harold
 15557 | D:10     | Noticed Erica
 15569 | D:10     | Killed Harold
 15573 | D:10     | Killed Erica
 15610 | D:10     | Found Viep's Assorted Antiques.
 15616 | D:10     | Bought a smoky grey potion for 27 gold pieces
 15616 | D:10     | Bought a scroll of teleportation for 93 gold pieces
 15616 | D:10     | Bought a fizzy ruby potion for 27 gold pieces
 15616 | D:10     | Bought a potion of heal wounds for 155 gold pieces
 15697 | D:10     | Noticed Erolcha
 15707 | D:10     | Killed Erolcha
 15785 | D:10     | Found Emnusan's Armour Shoppe.
 15932 | D:10     | Found Munlicojeck's Assorted Antiques.
 16131 | D:11     | Reached skill level 1 in Evocations
 16139 | D:11     | Found a staircase to the Orcish Mines.
 16281 | D:11     | Noticed Urug
 16293 | D:11     | Killed Urug
 17146 | D:12     | Reached skill level 5 in Evocations
 17152 | D:12     | Reached ****** piety under Qazlal
 17859 | D:13     | Found a gate to the Vaults.
 18095 | D:13     | Found Zoteoz's Weapon Shoppe.
 18169 | D:13     | Found a bloodstained altar of Trog.
 18966 | D:14     | Reached skill level 10 in Armour
 19139 | D:10     | Bought the +1 chain mail of Desi {rPois rN+ MR+ rCorr SInv} for 604 gold pieces
 19304 | Orc:1    | Entered Level 1 of the Orcish Mines
 19339 | Orc:1    | Noticed Gastronok
 19349 | Orc:1    | Killed Gastronok
 19349 | Orc:1    | Reached XP level 15. HP: 105/121 MP: 25/25
 19710 | Orc:1    | Found a roughly hewn altar of Beogh.
 19996 | Orc:2    | Entered Level 2 of the Orcish Mines
 19996 | Orc:2    | Noticed an orc warlord
 20005 | Orc:2    | Killed an orc warlord
 20010 | Orc:2    | Reached skill level 15 in Polearms
 20023 | Orc:2    | Found a staircase to the Elven Halls.
 20023 | Orc:2    | Found Poluh's Antique Armour Shoppe.
 20131 | Orc:2    | Found a roughly hewn altar of Beogh.
 20529 | Orc:2    | Found Biats's Antique Weapon Shop.
 20668 | Orc:2    | Found Ujappy's General Store.
 20690 | Orc:2    | Bought a scroll of enchant armour for 120 gold pieces
 20690 | Orc:2    | Bought a scroll of identify for 32 gold pieces
 20803 | Orc:2    | Found Heloguph's Book Boutique.
 21145 | Spider:1 | Entered Level 1 of the Spider Nest
 21897 | Spider:1 | Noticed a ghost moth
 21911 | Spider:1 | Killed a ghost moth
 22254 | Spider:2 | Noticed Arachne
 22303 | Spider:1 | Killed Arachne
 22303 | Spider:1 | Reached skill level 16 in Polearms
 23042 | Spider:2 | Reached skill level 17 in Polearms
 23196 | Spider:2 | Reached XP level 16. HP: 129/129 MP: 27/27
 24037 | Spider:2 | Got a smelly leather armour
 24039 | Spider:2 | Identified the +1 leather armour of Wubecvoesha {rC+ Int-5 Dex+6} (You found it on level 2 of the Spider Nest)
 24129 | Spider:2 | Reached skill level 15 in Fighting
 25508 | Spider:4 | Entered Level 4 of the Spider Nest
 25508 | Spider:4 | Noticed Aizul
 25508 | Spider:4 | Noticed Bai Suzhen
 25531 | Spider:3 | Killed Aizul
 25709 | Spider:4 | Noticed Roxanne
 25884 | Spider:4 | Killed Bai Suzhen
 26643 | Spider:4 | Reached XP level 17. HP: 124/142 MP: 26/28
 27427 | Spider:4 | Killed Roxanne
 27846 | Spider:4 | Identified Roxanne's Volume of Shape Shifting (You took it off Roxanne on level 4 of the Spider Nest)
 27903 | Spider:4 | Reached skill level 10 in Evocations
 28251 | Spider:4 | Got a gossamer rune of Zot
 28676 | D:15     | Entered Level 15 of the Dungeon
 29284 | D:15     | Reached skill level 18 in Polearms
 29322 | D:15     | Found a staircase to the Depths.
 29995 | Swamp:1  | Entered Level 1 of the Swamp
 30871 | Swamp:2  | Reached skill level 19 in Polearms
 30897 | Swamp:2  | Reached XP level 18. HP: 146/149 MP: 29/29
 31064 | Swamp:2  | Upgraded the game from 0.19-a0-1704-gbd66c22 to 0.19-a0-1714-gcab94ab
 31743 | Swamp:3  | Noticed Mara
 31746 | Swamp:3  | Noticed Lochraine's illusion
 31904 | Swamp:3  | Noticed Lochraine's illusion
 31912 | Swamp:3  | Killed Mara
 31912 | Swamp:3  | Reached skill level 20 in Polearms
 32021 | Swamp:4  | Entered Level 4 of the Swamp
 32292 | Swamp:4  | Reached skill level 21 in Polearms
 32609 | Swamp:4  | Got a decaying rune of Zot
 32638 | Swamp:4  | Got a pitted scythe
 32640 | Swamp:4  | Identified the +8 scythe "Tormentor" {slice, -Tele Int+3 SInv} (You found it on level 4 of the Swamp)
 33061 | D:5      | Bought a potion of berserk rage for 60 gold pieces
 33061 | D:5      | Bought a potion of invisibility for 96 gold pieces
 33061 | D:5      | Bought a potion of beneficial mutation for 420 gold pieces
 33061 | D:5      | Bought 2 potions of berserk rage for 120 gold pieces
 33061 | D:5      | Gained mutation: You are partially covered in icy blue scales. (AC +2) [potion of beneficial mutation]
 33205 | D:10     | Bought a +3 plate armour of cold resistance for 675 gold pieces
 33323 | Vaults:1 | Entered Level 1 of the Vaults
 33434 | Vaults:1 | Reached skill level 15 in Armour
 34032 | Depths:1 | Entered Level 1 of the Depths
 34032 | Depths:1 | Found Rajyxen's Weapon Shop.
 34032 | Depths:1 | Found Suimok's Book Emporium.
 34048 | Depths:1 | Reached XP level 19. HP: 48/154 MP: 23/30
 34916 | Depths:1 | Found a one-way gate leading to the halls of Pandemonium.
 34993 | Depths:1 | Reached skill level 1 in Crossbows
 35052 | Depths:1 | Found Natupp's Weapon Shoppe.
 35174 | Depths:1 | Found a gateway to Hell.
 35294 | Depths:1 | Found Fuafiad's Distillery.
 35302 | Depths:1 | Bought a potion of invisibility for 112 gold pieces
 35302 | Depths:1 | Bought a potion of might for 56 gold pieces
 35302 | Depths:1 | Bought a potion of heal wounds for 70 gold pieces
 35302 | Depths:1 | Bought a potion of berserk rage for 70 gold pieces
 35302 | Depths:1 | Bought a potion of heal wounds for 70 gold pieces
 35304 | Depths:1 | Found Ulucrall's Armour Emporium.
 35489 | Depths:2 | Noticed Protee's ghost (veteran GrEE)
 35571 | Depths:2 | Paralysed by a floating eye for 2 turns
 35840 | Depths:2 | Reached skill level 5 in Crossbows
 36573 | Depths:2 | Killed Protee's ghost
 36923 | Depths:2 | Found Lusoot's Antique Weapon Shoppe.
 36927 | Depths:2 | Found Fifuuc's Assorted Antiques.
 36933 | Depths:2 | Bought a scroll of blinking for 217 gold pieces
 36933 | Depths:2 | Bought a scroll labeled BEME QISMUCVON for 29 gold pieces
 37092 | Depths:2 | Noticed Asterion
 37101 | Depths:2 | Killed Asterion
 37113 | Depths:2 | Got a distressingly furry plate armour
 37114 | Depths:2 | Identified the +10 plate armour "Gocol" {Int-2 Dex+5} (You took it off Asterion on level 2 of the Depths)
 37529 | Depths:2 | Paralysed by something for 4 turns
 37666 | Depths:2 | Reached XP level 20. HP: 126/162 MP: 31/31
 37894 | Depths:3 | Noticed Saint Roka
 37899 | Depths:3 | Noticed a golden dragon
 37918 | Depths:2 | Killed a golden dragon
 38107 | Depths:3 | Paralysed by something for 2 turns
 39085 | Depths:3 | Killed Saint Roka
 39641 | Depths:3 | Found a deep blue altar of Sif Muna.
 40618 | Depths:4 | Found Jeimunn's Weapon Shop.
 40729 | Depths:4 | Found a gateway to a ziggurat.
 40824 | Depths:4 | Found a one-way gate to the infinite horrors of the Abyss.
 40937 | Depths:4 | Got a bloodstained scale mail
 40938 | Depths:4 | Identified the +3 scale mail of Amorality {Int+6} (You found it on level 4 of the Depths)
 40951 | Depths:4 | Found Amyhist's Jewellery Boutique.
 40952 | Depths:4 | Found Muin Pothra's Gadget Emporium.
 40955 | Depths:4 | Found Natunips's Jewellery Boutique.
 41270 | Depths:4 | Noticed a caustic shrike
 41325 | Depths:4 | HP: 11/247 [tentacled monstrosity (9)]
 41326 | Depths:4 | Slain by a tentacled monstrosity

Vault maps used:
D:1:      ncdulo_lavacross, minivault_11, minmay_split_cup_large
D:2:      wad_river_or_something, fedhas_altar_fruit_tree
D:3:      zin_academy, lemuel_crystal_altar
D:4:      first_bread, uniq_crazy_yiuf_cottage
D:5:      xom_redecorated, lemuel_doored_altar, serial_shops, shop, shop,
          nicolae_shop_trees, nicolae_shop_waterfront, shop
D:6:      grunt_ministairs_1, uniq_sigmund
D:7:      serial_bayou, serial_bayou_lagoon_a, serial_bayou_crossing,
          serial_bayou_lake_a, serial_bayou_pond_e, grunt_livestock
D:8:      lair_0_dummy, elyvilon_altar_5
D:9:      okawaru_ov_weapons_minmay, lemuel_zombie_altar_kikubaaqudgha,
          kennysheep_mini, corexii_checkpoint_a
D:10:     serial_shops, kennysheep_mini_moat, nicolae_shop_behind_doors,
          nicolae_shop_trees, minivault_12, uniq_erica, uniq_erolcha,
          uniq_harold
D:11:     orc_0_dummy, uniq_urug
D:13:     david_vaults_1, serial_shops, shop, hangedman_decor_points,
          trog_wizard
D:14:     patterned_corridor
D:15:     grunt_enter_depths_magical_seal, columned_hall_lemuel,
          grunt_ministairs_5
Temple:   dpeg_chambers_temple
Lair:1:   uniq_joseph, uniq_fannar
Lair:2:   swamp_mist, nicolae_spider_entry_orb_guardian, grunt_megastairs_2,
          uniq_nergalle
Lair:5:   lab_entry_generic, portal_ice_cave_entry_ice_beasts, uniq_josephine,
          uniq_rupert, uniq_snorg
Lair:6:   grunt_lair_end_beastmaster, slime_dummy, basic_altar,
          guppyfry_lair_drakes, grunt_megastairs_4
Swamp:1:  hangedman_swamp_ruin_hall, swamp_pool2, grunt_lady_of_the_lake
Swamp:2:  serial_swamp_ruin, evilmike_swamp_ruin_rubble_1,
          evilmike_swamp_ruin_house_1, swamp_pool5,
          hangedman_swamp_double_dragon
Swamp:3:  evilmike_swamp_ruin_house_2, swamp_pool3, nicolae_swamp_little_tower,
          uniq_mara
Swamp:4:  swamp_basic_johnstein, swamp_pool2, infiniplex_staircase_pool
Spider:2: nicolae_orb_stairs_large, nicolae_spider_cling_halls, uniq_arachne
Spider:4: guppyfry_spider_rune, uniq_roxanne, uniq_aizul, uniq_bai_suzhen
Orc:1:    basic_altar, uniq_gastronok
Orc:2:    grunt_orc_gardens, grunt_orc_garden, grunt_orc_garden,
          grunt_orc_garden, grunt_orc_garden, mines1_david
Vaults:1: v_rooms_2, grunt_tower_of_power, ontoclasm_vaults_fault,
          nicolae_vaults_twisting_passages, dpeg_vaults_monster_box,
          vaults_dpeg_doors, v_misc_12, ontoclasm_vaults_ring_small,
          vaults_mumra_minichess_inversion, vaults_room_door_ring,
          mu_enter_wizlab_3
Depths:1: serial_shops, nicolae_shop_waterfront, shop, nicolae_shop_statue_plus,
          nicolae_shop_statue_plus, shop, hangedman_coc_ice_floe, pan_entry,
          minmay_strange_pillars
Depths:2: minmay_spriggan_fort, grunt_mini_vestibule,
          serial_sigils_hangedman_shear, minmay_shoptagon, uniq_asterion
Depths:3: minmay_mutant_horseshoe, rand_demon_pan_entry_7, hell_entry,
          lemuel_crystal_altar, serial_bayou_shore_b, infiniplex_staircase_x,
          serial_bayou_shore_b, uniq_saint_roka
Depths:4: cell_vault, enter_ziggurat_b, serial_shops, shop, minmay_holes,
          abyss_entry, hell_entry, minmay_shop_grove, minmay_staircase_bubble

Skill      XL: |  1  2  3  4  5  6  7  8  9 10 11 12 13 14 15 16 17 18 19 20 |
---------------+-------------------------------------------------------------+-----
Polearms       | 4 5 7 9 12 14 17 19 21 | 21.0
Armour         | 4 6 8 11 13 16 19 | 19.3
Shields        | 4 |  4.1
Dodging        | 5 7 9 10 11 | 11.0
Fighting       | 4 7 10 11 13 16 17 | 17.2
Invocations    | 6 11 13 15 16 18 | 18.1
Evocations     | 7 10 | 10.8
Crossbows      | 7 |  7.4
Stealth        | |  1.5

Action                   |  1- 3 |  4- 6 |  7- 9 | 10-12 | 13-15 | 16-18 | 19-21 || total
-------------------------+-------+-------+-------+-------+-------+-------+-------++-------
Melee: Spear             |   135 |   124 |       |       |       |       |       ||   259
       Headbutt          |    14 |    20 |    27 |    97 |   186 |   272 |   209 ||   825
       Trident           |       |    52 |   195 |       |       |       |       ||   247
       Scythe            |       |       |   129 |   537 |       |       |       ||   666
       Glaive            |       |       |       |    42 |   907 |  1210 |   767 ||  2926
       Unarmed           |       |       |       |       |       |       |     8 ||     8
 Fire: Arbalest          |       |       |       |       |       |       |    17 ||    17
Invok: Elemental Force   |       |       |       |     4 |     3 |     7 |     2 ||    16
       Upheaval          |       |       |       |     8 |     3 |    27 |    26 ||    64
       Disaster Area     |       |       |       |       |     3 |     3 |     3 ||     9
 Abil: Evoke Flight      |       |       |       |       |       |     2 |       ||     2
Evoke: Wand              |       |       |     3 |     4 |     3 |    13 |    13 ||    36
       Rod               |       |       |       |       |       |     4 |       ||     4
       Phial of floods   |       |       |       |       |       |     3 |     2 ||     5
       Sack of spiders   |       |       |       |       |       |     1 |       ||     1
  Use: Scroll            |     1 |     4 |     4 |    17 |    14 |    15 |    11 ||    66
       Potion            |       |       |     6 |     1 |     8 |    13 |     9 ||    37
 Stab: Sleeping          |     1 |     1 |       |       |       |       |       ||     2
       Distracted        |     1 |       |       |       |     2 |     2 |       ||     5
       Petrified         |       |       |       |       |     8 |       |       ||     8
       Invisible         |       |       |       |       |     3 |    13 |     2 ||    18
       Held in net/web   |       |       |       |       |       |     1 |       ||     1
       Confused          |       |       |       |       |       |     1 |       ||     1
  Eat: Chunk             |     3 |     5 |     9 |    20 |    27 |    19 |    15 ||    98
       Beef jerky        |       |       |     1 |     1 |       |     7 |       ||     9
       Pizza             |       |       |     1 |       |       |     7 |     5 ||    13
       Royal jelly       |       |       |       |       |     3 |       |     1 ||     4
       Fruit             |       |       |       |       |       |     1 |     2 ||     3
Armor: Robe              |     8 |       |       |       |       |       |       ||     8
       Ring mail         |    20 |    60 |    85 |       |       |       |       ||   165
       Steam dragon armo |       |       |    23 |   198 |    91 |       |       ||   312
       Chain mail        |       |       |       |       |   169 |   531 |       ||   700
       Plate armour      |       |       |       |       |       |    30 |   393 ||   423
Dodge: Dodged            |    54 |    72 |   169 |   454 |   516 |   586 |   327 ||  2178
       Deflected         |       |       |       |       |    31 |    38 |    24 ||    93
Block: Buckler           |       |     2 |    45 |       |       |       |       ||    47
       Other             |       |       |     6 |    84 |   236 |   338 |   162 ||   826
